3L
MONTANA PANDAS @ BROOKLYN DODGERS
08/31/2034
 
TOP OF THE 1ST
Montana Pandas batting - Pitching for Brooklyn Dodgers : RHP Román Mejía
Pitching: RHP Román Mejía
Batting: RHB Juanito González 0-0: Foul Ball, location: 2F
0-1: Ball
1-1: Foul Ball, location: 2F
1-2: Ball
2-2: Foul Ball, location: 2F
2-2: SINGLE (Groundball, 6MD)
Batting: RHB Pau Arria 0-0: Ball
1-0: Ball
2-0: Called Strike
2-1: Swinging Strike
2-2: Strikes out swinging
Juanito González steals 2nd base
Batter strikes out.
Batting: RHB Mario Castillo 0-0: Foul Ball, location: 2F
0-1: Swinging Strike
0-2: Ground out 5-3 (Groundball, 56)
Batting: LHB Dewitt Hopper 0-0: Foul Ball, location: 2F
0-1: Fly out, F5 (Line Drive, 5)
Top of the 1st over - 0 runs, 1 hit, 0 errors, 1 left on base; Montana 0 - Brooklyn 0
BOTTOM OF THE 1ST
Brooklyn Dodgers batting - Pitching for Montana Pandas : RHP Lorenzo Fabián
Pitching: RHP Lorenzo Fabián
Batting: LHB Roberto Soto 0-0: Ball
1-0: Called Strike
1-1: Called Strike
1-2: Strikes out swinging
Batting: LHB Hugh Hill 0-0: Ball
1-0: Ball
2-0: Ball
3-0: Called Strike
3-1: Foul Ball, location: 2F
3-2: Base on Balls
Batting: LHB Avon Barksdale 0-0: Ball
1-0: Called Strike
Pickoff Throw to First - Out!
1-1: Ball
2-1: Ball
3-1: Called Strike
3-2: Strikes out swinging
Bottom of the 1st over - 0 runs, 0 hits, 0 errors, 0 left on base; Montana 0 - Brooklyn 0
TOP OF THE 2ND
Montana Pandas batting - Pitching for Brooklyn Dodgers : RHP Román Mejía
Batting: RHB António Martínez 0-0: Called Strike
0-1: Foul Ball, location: 2F
0-2: Fly out, F7 (Flyball, 7S)
Batting: RHB Gabriel Maldonado 0-0: Ball
1-0: Swinging Strike
1-1: Foul Ball, location: 2F
1-2: Foul Ball, location: 2F
1-2: Ball
2-2: Ball
3-2: SINGLE (Groundball, 56D)
Batting: RHB Xi-ku See-to 0-0: Ball
1-0: Grounds into double play, 6-4-3 (Groundball, 6)
Top of the 2nd over - 0 runs, 1 hit, 0 errors, 0 left on base; Montana 0 - Brooklyn 0
BOTTOM OF THE 2ND
Brooklyn Dodgers batting - Pitching for Montana Pandas : RHP Lorenzo Fabián
Batting: SHB Peer van Lochem 0-0: Called Strike
0-1: Ball
1-1: Called Strike
1-2: Ball
2-2: Ball
3-2: Ground out U3 (Groundball, 34)
Batting: LHB Jérôme Masson 0-0: Ball
1-0: Ball
2-0: Swinging Strike
2-1: Called Strike
2-2: Fly out, F8 (Line Drive, 8RM)
Batting: LHB Frank Sharp 0-0: Called Strike
0-1: Ball
1-1: Ball
2-1: Foul Ball, location: 2F
2-2: Ball
3-2: Foul Ball, location: 2F
3-2: Strikes out swinging
Bottom of the 2nd over - 0 runs, 0 hits, 0 errors, 0 left on base; Montana 0 - Brooklyn 0
TOP OF THE 3RD
Montana Pandas batting - Pitching for Brooklyn Dodgers : RHP Román Mejía
Batting: LHB César Gómes 0-0: Ball
1-0: Fly out, F7 (Flyball, 7S)
Batting: SHB Jorge Alou 0-0: Swinging Strike
0-1: Ball
1-1: Foul Ball, location: 2F
1-2: Ball
2-2: Ball
3-2: Foul Ball, location: 2F
3-2: Ground out 6-3 (Groundball, 6MS)
Batting: RHB Juanito González 0-0: Called Strike
0-1: Ball
1-1: Swinging Strike
1-2: Ground out 6-3 (Groundball, 6)
Top of the 3rd over - 0 runs, 0 hits, 0 errors, 0 left on base; Montana 0 - Brooklyn 0
BOTTOM OF THE 3RD
Brooklyn Dodgers batting - Pitching for Montana Pandas : RHP Lorenzo Fabián
Batting: SHB Félix Medina 0-0: Ball
1-0: Called Strike
1-1: Ground out 4-3 (Groundball, 4)
Batting: SHB Tommy Dreamer 0-0: Ground out 6-3 (Groundball, 6)
Batting: RHB Chan-Wook Park 0-0: Called Strike
0-1: Ball
1-1: Called Strike
1-2: Strikes out looking
Bottom of the 3rd over - 0 runs, 0 hits, 0 errors, 0 left on base; Montana 0 - Brooklyn 0
TOP OF THE 4TH
Montana Pandas batting - Pitching for Brooklyn Dodgers : RHP Román Mejía
Batting: RHB Pau Arria 0-0: Ground out 5-3 (Groundball, 56S)
Batting: RHB Mario Castillo 0-0: Called Strike
0-1: Ball
1-1: Called Strike
1-2: Foul Ball, location: 2F
1-2: Ball
2-2: Strikes out swinging
Batting: LHB Dewitt Hopper 0-0: Ball
1-0: Foul Ball, location: 2F
1-1: Ground out U3 (Groundball, 34S)
Top of the 4th over - 0 runs, 0 hits, 0 errors, 0 left on base; Montana 0 - Brooklyn 0
BOTTOM OF THE 4TH
Brooklyn Dodgers batting - Pitching for Montana Pandas : RHP Lorenzo Fabián
Batting: LHB Roberto Soto 0-0: Ball
1-0: Foul Ball, location: 2F
1-1: Ball
2-1: Ball
3-1: Base on Balls
Batting: LHB Hugh Hill 0-0: Ball
1-0: Ball
2-0: Ball
3-0: Called Strike
3-1: Called Strike
3-2: Foul Ball, location: 2F
3-2: Base on Balls
Roberto Soto to second
Batting: LHB Avon Barksdale 0-0: Grounds into double play, U6-3 (Groundball, 4M)
Roberto Soto to third
Batting: SHB Peer van Lochem 0-0: Ground out 4-3 (Groundball, 4)
Bottom of the 4th over - 0 runs, 0 hits, 0 errors, 1 left on base; Montana 0 - Brooklyn 0
TOP OF THE 5TH
Montana Pandas batting - Pitching for Brooklyn Dodgers : RHP Román Mejía
Batting: RHB António Martínez 0-0: Ball
1-0: Foul Ball, location: 2F
1-1: Ground out 4-3 (Groundball, 4)
Batting: RHB Gabriel Maldonado 0-0: Foul Ball, location: 2F
0-1: Ball
1-1: Called Strike
1-2: Ball
2-2: Ball
3-2: Foul Ball, location: 2F
3-2: Foul Ball, location: 2F
3-2: Strikes out swinging
Batting: RHB Xi-ku See-to 0-0: Ball
1-0: Ball
2-0: Called Strike
2-1: Called Strike
2-2: Strikes out looking
Top of the 5th over - 0 runs, 0 hits, 0 errors, 0 left on base; Montana 0 - Brooklyn 0
BOTTOM OF THE 5TH
Brooklyn Dodgers batting - Pitching for Montana Pandas : RHP Lorenzo Fabián
Batting: LHB Jérôme Masson 0-0: Ball
1-0: Foul Ball, location: 2F
1-1: Foul Ball, location: 2F
1-2: Foul Ball, location: 2F
1-2: Ball
2-2: Ground out 4-3 (Groundball, 4)
Batting: LHB Frank Sharp 0-0: Ground out U3 (Groundball, 23)
Batting: SHB Félix Medina 0-0: SINGLE (Groundball, 4D)
Pitching: RHP Ieyoshi Asai
Batting: SHB Tommy Dreamer 0-0: Called Strike
0-1: Ball
1-1: Ball
2-1: Called Strike
2-2: Ball
3-2: Ground out 4-3 (Groundball, 34)
Bottom of the 5th over - 0 runs, 1 hit, 0 errors, 1 left on base; Montana 0 - Brooklyn 0
TOP OF THE 6TH
Montana Pandas batting - Pitching for Brooklyn Dodgers : RHP Román Mejía
Batting: LHB César Gómes 0-0: Foul Ball, location: 2F
0-1: Called Strike
0-2: Ball
1-2: Fly out, F7 (Flyball, 7S)
Batting: SHB Jorge Alou 0-0: Fly out, F8 (Flyball, 8LD)
Batting: RHB Juanito González 0-0: Ball
1-0: Ground out 5-3 (Groundball, 56S)
Top of the 6th over - 0 runs, 0 hits, 0 errors, 0 left on base; Montana 0 - Brooklyn 0
BOTTOM OF THE 6TH
Brooklyn Dodgers batting - Pitching for Montana Pandas : RHP Ieyoshi Asai
Batting: RHB Chan-Wook Park 0-0: Foul Ball, location: 2F
0-1: Ball
1-1: Swinging Strike
1-2: Ball
2-2: Strikes out swinging
Batting: LHB Roberto Soto 0-0: Ball
1-0: Called Strike
1-1: Ball
2-1: Ball
3-1: Foul Ball, location: 2F
3-2: Base on Balls
Batting: LHB Hugh Hill 0-0: Ball
1-0: Ball
2-0: Ball
3-0: Base on Balls
Roberto Soto to second
Batting: LHB Avon Barksdale 0-0: Ball
1-0: Foul Ball, location: 2F
1-1: Grounds into double play, 4-6-3 (Groundball, 34D)
Bottom of the 6th over - 0 runs, 0 hits, 0 errors, 1 left on base; Montana 0 - Brooklyn 0
TOP OF THE 7TH
Montana Pandas batting - Pitching for Brooklyn Dodgers : RHP Román Mejía
Pinch Hitting: RHB Juan Jose Ayala 0-0: Ball
1-0: Ball
2-0: Ball
3-0: Base on Balls
Batting: RHB Mario Castillo 0-0: Grounds into double play, 5-4-3 (Groundball, 56)
Batting: LHB Dewitt Hopper 0-0: Ball
1-0: Called Strike
1-1: Fly out, F8 (Flyball, 8RM)
Top of the 7th over - 0 runs, 0 hits, 0 errors, 0 left on base; Montana 0 - Brooklyn 0
BOTTOM OF THE 7TH
Brooklyn Dodgers batting - Pitching for Montana Pandas : RHP Ieyoshi Asai
Now at SS: Juan Jose Ayala
Batting: SHB Peer van Lochem 0-0: Called Strike
0-1: Fly out, F9 (Flyball, 9S)
Batting: LHB Jérôme Masson 0-0: Foul Ball, location: 2F
0-1: Called Strike
0-2: Foul Ball, location: 2F
0-2: Foul Ball, location: 2F
0-2: Ball
1-2: Foul Ball, location: 2F
1-2: Hit by Pitch
Batting: LHB Frank Sharp 0-0: Called Strike
0-1: Ball
1-1: Ball
2-1: Ground out 4-3 (Groundball, 34)
Jérôme Masson to second
Batting: SHB Félix Medina 0-0: Ball
1-0: Ball
2-0: Ball
3-0: Base on Balls
Pitching: LHP Hao Wei
Batting: SHB Tommy Dreamer 0-0: Ball
1-0: Foul Ball, location: 2F
1-1: Ball
2-1: Fly out, F5 (Line Drive, 5)
Bottom of the 7th over - 0 runs, 0 hits, 0 errors, 2 left on base; Montana 0 - Brooklyn 0
TOP OF THE 8TH
Montana Pandas batting - Pitching for Brooklyn Dodgers : RHP Román Mejía
Batting: RHB António Martínez 0-0: Foul Ball, location: 2F
0-1: Ball
1-1: Swinging Strike
1-2: Strikes out swinging
Batting: RHB Gabriel Maldonado 0-0: Called Strike
0-1: Fly out, F6 (Popup, 56)
Batting: RHB Xi-ku See-to 0-0: Ball
1-0: Ground out 5-3 (Groundball, 56S)
Top of the 8th over - 0 runs, 0 hits, 0 errors, 0 left on base; Montana 0 - Brooklyn 0
BOTTOM OF THE 8TH
Brooklyn Dodgers batting - Pitching for Montana Pandas : LHP Hao Wei
Batting: RHB Chan-Wook Park 0-0: Swinging Strike
0-1: Swinging Strike
0-2: Ball
1-2: Strikes out looking
Pinch Hitting: RHB Ilkka Haapajarvi 0-0: Ball
1-0: Foul Ball, location: 2F
1-1: SINGLE (Line Drive, 4MD)
Batting: LHB Hugh Hill 0-0: Ball
Ilkka Haapajarvi is caught stealing 2nd base
1-0: Ball
2-0: Ball
3-0: Base on Balls
Batting: LHB Avon Barksdale 0-0: Called Strike
Pickoff Throw to First - Out!
Bottom of the 8th over - 0 runs, 1 hit, 0 errors, 0 left on base; Montana 0 - Brooklyn 0
TOP OF THE 9TH
Montana Pandas batting - Pitching for Brooklyn Dodgers : RHP Román Mejía
Pitching: RHP Harrison Tuff
Now at 2B: Ilkka Haapajarvi
Batting: LHB César Gómes 0-0: Swinging Strike
0-1: Ground out 4-3 (Groundball, 4)
Batting: SHB Jorge Alou 0-0: Ball
1-0: Called Strike
1-1: Foul Ball, location: 2F
1-2: Strikes out swinging
Pinch Hitting: LHB Preston Witt 0-0: Ball
1-0: Called Strike
1-1: Called Strike
1-2: Strikes out swinging
Top of the 9th over - 0 runs, 0 hits, 0 errors, 0 left on base; Montana 0 - Brooklyn 0
BOTTOM OF THE 9TH
Brooklyn Dodgers batting - Pitching for Montana Pandas : LHP Hao Wei
Now at 2B: Bernardo Herrera
Pinch Hitting: RHB Cooper Lowe 0-0: Foul Ball, location: 2F
0-1: Called Strike
0-2: Ground out 1-3 (Groundball, 13S)
Batting: SHB Peer van Lochem 0-0: Ball
1-0: Called Strike
1-1: Ball
2-1: Foul Ball, location: 2F
2-2: Foul Ball, location: 2F
2-2: Foul Ball, location: 2F
2-2: Foul Ball, location: 2F
2-2: Strikes out swinging
Batting: LHB Jérôme Masson 0-0: Called Strike
0-1: Ball
1-1: Foul Ball, location: 2F
1-2: Ground out 6-3 (Groundball, 6)
Bottom of the 9th over - 0 runs, 0 hits, 0 errors, 0 left on base; Montana 0 - Brooklyn 0
TOP OF THE 10TH
Montana Pandas batting - Pitching for Brooklyn Dodgers : RHP Harrison Tuff
Now at 2B: Fontana Contaldo
Batting: RHB Juan Jose Ayala 0-0: Ball
1-0: Ground out 4-3 (Groundball, 34)
Batting: RHB Mario Castillo 0-0: Fly out, F7 (Line Drive, 78M)
Batting: LHB Dewitt Hopper 0-0: Ball
1-0: Fly out, F9 (Flyball, 9)
Top of the 10th over - 0 runs, 0 hits, 0 errors, 0 left on base; Montana 0 - Brooklyn 0
BOTTOM OF THE 10TH
Brooklyn Dodgers batting - Pitching for Montana Pandas : LHP Hao Wei
Batting: LHB Frank Sharp 0-0: Ball
1-0: Ball
2-0: Ball
3-0: Called Strike
3-1: Base on Balls
Batting: SHB Félix Medina 0-0: Called Strike
0-1: Ball
1-1: Ball
2-1: Reached on error, E1 (Groundball, P)
Frank Sharp to second
Batting: SHB Tommy Dreamer 0-0: Bunt missed!
0-1: Sac Bunt - play at first, batter OUT! U3
Frank Sharp to third
Félix Medina to second
Batting: RHB Chan-Wook Park 0-0: Intentional Walk
Batting: RHB Ilkka Haapajarvi 0-0: Called Strike
0-1: SINGLE (Groundball, 6MD)
Frank Sharp scores
Friday, March 29th, 2019 - OOTP Baseball 18.8 Build 76